 Dungeon Crawl Stone Soup version 0.31-a0-188-g5e087ee2ca (webtiles) character file.

Game seed: 3176248438933148295

220 qw the Skirmisher (level 5, 0/29 HPs)
             Began as a Deep Elf Hunter on June 23, 2023.
             Slain by an ogre
             ... wielding a +0 giant club
              (17 damage)
             ... on level 4 of the Dungeon.
             The game lasted 00:01:16 (2550 turns).

qw the Skirmisher (Deep Elf Hunter)                 Turns: 2550, Time: 00:01:17

Health: 0/29       AC:  9    Str: 10    XL:     5   Next: 64%
Magic:  7/7        EV: 11    Int: 14    God:
Gold:   94         SH:  0    Dex: 18    Spells: 4/4 levels left

rFire   . . .        Y - +2 shortbow
rCold   . . .        (shield currently unavailable)
rNeg    . . .        f - +0 ring mail
rPois   .            (no helmet)
rElec   .            j - +1 cloak
rCorr   .            (no gloves)
SInv    .            d - +1 pair of boots
Will    .....        l - amulet of regeneration
Stlth   +            (no ring)
HPRegen 1.04/turn    (no ring)
MPRegen 0.10/turn

%: no passive effects
@: no status effects
A: no striking features
a: no special abilities


You were on level 4 of the Dungeon.
You visited 1 branch of the dungeon, and saw 4 of its levels.

You collected 191 gold pieces.
You spent 97 gold pieces at shops.


   Skills:
 + Level 1.5 Fighting
 - Level 9.0 Ranged Weapons
 - Level 1.0 Armour
 - Level 2.4 Dodging
 - Level 1.2 Stealth


You had 4 spell levels left.
You didn't know any spells.
Your spell library was empty.

Inventory:

Hand Weapons
 Y - a +2 shortbow (weapon)
Armour
 a - a +1 leather armour of cold resistance
 d - a +1 pair of boots (worn)
 f - a +0 ring mail (worn)
 j - a +1 cloak (worn)
Jewellery
 l - an amulet of regeneration (around neck)
Scrolls
 c - 2 scrolls of identify
 e - a scroll of teleportation
Potions
 b - a potion of haste
 g - a potion of resistance {unknown}
 h - a potion of mutation

Dungeon Overview and Level Annotations

Branches:
Dungeon (4/15)
 Temple: D:4-7

Altars:
Nemelex Xobeh
Trog
The Shining One

Shops:
D:2 ==   D:3 ?


Message History

The giant cockroach is moderately wounded.
A gnoll comes into view. It is wielding a +0 flail.
A gnoll comes into view. It is wielding a +0 club.
An ogre comes into view. It is wielding a +0 giant club.
You shoot an arrow. The ogre shouts!
The arrow hits the giant cockroach.
The giant cockroach is severely wounded.
You shoot an arrow. The arrow hits the giant cockroach.
The giant cockroach is almost dead.
You shoot an arrow. The arrow hits the giant cockroach.
You kill the giant cockroach!
You shoot an arrow. The arrow barely misses the gnoll.
The arrow completely misses the gnoll.
You shoot an arrow. The arrow completely misses the gnoll.
The arrow hits the gnoll.
The gnoll is lightly wounded.
The gnoll hits you with a +0 flail.
You shoot an arrow. The arrow hits the gnoll.
The gnoll is moderately wounded.
The gnoll hits you with a +0 club. The ogre hits you with a +0 giant club!
The gnoll hits you but does no damage.
You shoot an arrow. The arrow completely misses the gnoll.
The gnoll barely misses you. The gnoll hits you with a +0 club.
You shoot an arrow. The arrow hits the gnoll.
The gnoll is almost dead.
The ogre closely misses you. The gnoll hits you but does no damage.
The gnoll misses you. The gnoll hits you with a +0 club.
You shoot an arrow. The arrow hits the gnoll!
You kill the gnoll!
The ogre closely misses you. The gnoll hits you but does no damage.
The gnoll misses you.
Your Ranged Weapons skill increases to level 9!
You shoot an arrow. The arrow completely misses the gnoll.
The gnoll hits you but does no damage. The gnoll completely misses you.
The gnoll hits you but does no damage.
A goblin comes into view. It is wielding a +0 dagger.
The ogre hits you with a +0 giant club!
Ouch! That really hurt!
You die...

##.........g..
#............$
##...........>.
#..............
#..............
#.............. ####
.#.....Ogg...# #..##
.......g@# #...#
#..#....# #....
#.....###### #....
##.........#########...
#..#####........###...
#..# #.....####.......
##.# #.........#####..
.# ##.......%..##### .#
##..........# #


You could see an ogre, 3 gnolls and a goblin (wandering).

Vanquished Creatures
  A hound (D:4)
  An orc wizard (D:4)
  4 adders
  A gnoll (D:4)
  A worm (D:2)
  2 dart slugs (D:1)
  15 orcs
  7 ball pythons
  9 endoplasms
  3 giant cockroaches
  8 goblins
  9 hobgoblins
  5 quokkas
  5 bats
  7 frilled lizards
  10 kobolds
  5 rats
93 creatures vanquished.

Notes
Turn   | Place    | Note
-------+----------+-------------------------------------------
     0 | D:1      | qw the Deep Elf Hunter began the quest for the Orb.
     0 | D:1      | Reached XP level 1. HP: 12/12 MP: 3/3
     0 | D:1      | 0 ||| qw: Version: 0.3-a-9-g12657ce
     0 | D:1      | 0 ||| qw: Game counter: 3371
     0 | D:1      | 0 ||| qw: Always use a shield: true
     0 | D:1      | 0 ||| qw: God list: Okawaru
     0 | D:1      | 0 ||| qw: Allow faded altars: false
     0 | D:1      | 0 ||| qw: Do Orc after D:15 true
     0 | D:1      | 0 ||| qw: Do second Lair branch before Depths: true
     0 | D:1      | 0 ||| qw: Lair rune preference: random
     0 | D:1      | 0 ||| qw: Plans: Normal
     0 | D:1      | 0 ||| PLANNING D:1-11
   183 | D:1      | Reached skill level 6 in Ranged Weapons
   183 | D:1      | Reached XP level 2. HP: 9/16 MP: 4/4
   463 | D:1      | Found a faded altar of an unknown god.
   483 | D:1      | Reached XP level 3. HP: 20/20 MP: 5/5
   759 | D:1      | 759 ||| UPGRADING to +1 pair of boots.
   764 | D:1      | 764 ||| UPGRADING to +1 cloak.
   769 | D:1      | 769 ||| READING scroll labelled MAUCZU KIFFI.
   770 | D:1      | 770 ||| READING 2 scrolls labelled ZEAMAV QONG.
   771 | D:1      | 771 ||| READING scroll labelled JEPEMILEKKI.
   772 | D:1      | 772 ||| DROPPING scroll of butterflies.
   773 | D:1      | 773 ||| DROPPING scroll of revelation.
   797 | D:2      | Found Joeff's Jewellery Emporium.
   804 | D:2      | 804 ||| SHOPLISTING +5 ring of evasion (396 gold, have 36).
   804 | D:2      | 804 ||| SHOPLISTING ring of ice (275 gold, have 36).
   804 | D:2      | 804 ||| SHOPLISTING ring of see invisible (165 gold, have
                  | 36).
   823 | D:2      | Reached skill level 7 in Ranged Weapons
   904 | D:2      | Found Kiuleux's Jewellery Shop.
   916 | D:2      | 916 ||| SHOPLISTING +5 ring of evasion (396 gold, have 36).
   916 | D:2      | 916 ||| SHOPLISTING +6 ring of strength (396 gold, have
                  | 36).
   916 | D:2      | 916 ||| SHOPLISTING ring "Ewod" {Fly Dex+4} (361 gold, have
                  | 36).
   916 | D:2      | 916 ||| SHOPLISTING ring of Hopsinum {rPois rF+ Dex+2} (420
                  | gold, have 36).
   916 | D:2      | 916 ||| SHOPLISTING ring of fire (275 gold, have 36).
   916 | D:2      | 916 ||| SHOPLISTING ring of resist corrosion (220 gold,
                  | have 36).
   982 | D:2      | 982 ||| READING 2 scrolls labelled KOHAES PATOCIXIM.
  1093 | D:2      | Found a sparkling altar of Nemelex Xobeh.
  1108 | D:2      | Reached XP level 4. HP: 25/25 MP: 6/6
  1225 | D:2      | 1225 ||| UPGRADING to +0 scale mail.
  1235 | D:2      | 1235 ||| DROPPING +0 leather armour.
  1236 | D:2      | 1236 ||| UPGRADING to amulet of regeneration.
  1241 | D:2      | 1241 ||| READING scroll labelled BYIDUWETEKK.
  1242 | D:2      | 1242 ||| READING scroll labelled SOQO PACWOHIA.
  1243 | D:2      | 1243 ||| DRINKING 3 glowing puce potions.
  1245 | D:2      | 1245 ||| Stepping ~*~*~tactically~*~*~ (cloud).
  1299 | D:3      | HP: 5/25 [orc/+0 war axe (8)]
  1300 | D:3      | 1300 ||| READING scroll of teleportation.
  1301 | D:3      | 1301 ||| DRINKING 2 potions of heal wounds.
  1312 | D:3      | HP: 6/25 [orc/+4 trident (7)]
  1313 | D:3      | 1313 ||| DRINKING potion of heal wounds.
  1420 | D:3      | Reached skill level 8 in Ranged Weapons
  1682 | D:3      | Found Deoz's Magic Scroll Emporium.
  1690 | D:3      | 1690 ||| BUYING scroll of enchant weapon (97 gold).
  1690 | D:3      | Bought a scroll of enchant weapon for 97 gold pieces
  1690 | D:3      | 1690 ||| SHOPLISTING scroll of identify (26 gold, have 21).
  1690 | D:3      | 1690 ||| SHOPLISTING scroll of teleportation (39 gold, have
                  | 21).
  1690 | D:3      | 1690 ||| READING scroll of enchant weapon.
  1690 | D:3      | 1690 ||| ENCHANTING +1 shortbow.
  1748 | D:3      | Reached skill level 1 in Armour
  2087 | D:3      | 2087 ||| UPGRADING to +0 ring mail.
  2097 | D:3      | 2097 ||| DROPPING +0 scale mail.
  2098 | D:3      | 2098 ||| READING scroll labelled SETSU SEASSA.
  2099 | D:3      | 2099 ||| DRINKING 2 sedimented ruby potions.
  2100 | D:3      | 2100 ||| DRINKING 2 dark potions.
  2101 | D:3      | 2101 ||| READING 4 scrolls of identify.
  2101 | D:3      | 2101 ||| IDENTIFYING bubbling yellow potion
  2102 | D:3      | 2102 ||| READING 3 scrolls of identify.
  2102 | D:3      | 2102 ||| IDENTIFYING pink potion
  2103 | D:3      | 2103 ||| DROPPING potion of brilliance.
  2220 | D:4      | Reached XP level 5. HP: 27/29 MP: 7/7
  2335 | D:4      | 2335 ||| DRINKING potion of curing.
  2335 | D:4      | 2335 ||| (to cure confusion)
  2376 | D:4      | Found a glowing golden altar of the Shining One.
  2457 | D:4      | Found a bloodstained altar of Trog.
  2540 | D:4      | Noticed an ogre
  2550 | D:4      | Reached skill level 9 in Ranged Weapons
  2550 | D:4      | Slain by an ogre

Levels and vault maps discovered:
D:1:      sevenhm_arrival_forest_fort_small_6, layout_basic,
          ebering_ecumenical_altar_sacrificial, minmay_misc_feat_pillars
D:2:      layout_basic, serial_glass, glass_columns_a, glass_columns_a,
          minmay_strange_pillars, item_on_display_a, minmay_strange_pillars,
          serial_shops, shop, nicolae_shop_waterfront, basic_altar
D:3:      layout_basic, serial_shops, shop, kennysheep_cluttered_room,
          minmay_fractal_squares_5
D:4:      layout_cave_pods, mainiacjoe_overflow_tiny_flanked,
          old_standard_altar, mainiacjoe_overflow_cross_hatched

Skill      XL: |  1  2  3  4  5 |
---------------+----------------+-----
Ranged Weapons | 6 7 8 9 |  9.0
Armour         | 1 |  1.0
Fighting       | |  1.5
Dodging        | |  2.4
Stealth        | |  1.2

Action                     |  1- 3 |  4- 6 || total
---------------------------+-------+-------++-------
   Fire: Shortbow          |   123 |   173 ||   296
    Use: Scroll            |     4 |     7 ||    11
         Potion            |       |     6 ||     6
 Armour: Leather armour    |     5 |     1 ||     6
         Scale mail        |       |    63 ||    63
         Ring mail         |       |    21 ||    21
  Dodge: Dodged            |    15 |    84 ||    99

Table legend:
 A = Non-vault XP
 B = Vault XP
 C = Vault XP percentage of total XP
 D = Non-vault monster count
 E = Vault monster count
 F = Vault count percentage of total count
                 A         B        C        D         E       F
            +---------+---------+-------+---------+---------+-------
      Total |     294 |      21 |   6.7 |      87 |       6 |   6.5
            +---------+---------+-------+---------+---------+-------
        D:1 |      60 |       0 |   0.0 |      33 |       0 |   0.0
        D:2 |      58 |       0 |   0.0 |      13 |       0 |   0.0
        D:3 |      52 |      21 |  28.8 |      25 |       6 |  19.4
        D:4 |     124 |       0 |   0.0 |      16 |       0 |   0.0
            +---------+---------+-------+---------+---------+-------
